cohdb
Replays
Latest Replays
All Replays
Popular Replays
Top Player Replays
Match Explorer
How It Works
Community
CoH3 Stats
Reddit
Sign in to upload your games and track your stats! →
Sign in with Steam
Match 45189378
Unlisted
Match 45189378
Overview
Messages
Build Orders
End
Selects Italian Coastal Battlegroup
Selects Coastal Reserves
Coastal Reserve
Construct Infanterie Kompanie
MG 42 Machine Gun Team
Grenadier Squad
MG 42 Machine Gun Team
Kettenkrad Recon Vehicle
Selects Designate Defensive Line
Construct Panzergrenadier Kompanie
Panzergrenadier Squad
Panzergrenadier Squad
Panzergrenadier Officer Quarters
251 Medium Carrier
Selects Rapid Fortifications
Designate Defensive Line
Rapid Fortifications
Pak 40 Anti-tank Gun Team
Medical Bunker
MoriMusic
gicobiwolfe
0
0
Comments
sign in to comment!
No comments posted yet!